AoeStats
← nielsjehaes23

Arabia

510270530Analyzed
2v2 RM · 2d ago on Sep 30, 2026· 51m 12s· 4 players
Game mode
Random Map
Map size
Medium (4 player)
Population
200
Speed
Normal
Resources
Standard
Victory
Conquest
Starting age
Dark Age
Ending age
Imperial Age
RankedLock teamsTeams togetherTeam positionsShared explorationLock speedFull tech treeHidden civsTurbo modeCheats
Victory
Defeat
🇧🇪 Romans · Belgium
1085
+15
🇧🇪 Persians · Belgium
1075
+16
🇨🇳 Mongols · China
1103
-17
🇨🇳 Khmer · China
1036
-14
1830551726
9:40 Feudal Age
13:01 Double-Bit Axe
16:42 Castle Age
17:57 Loom
23:07 Fletching
24:58 Forging
24:46 Bodkin Arrow
30:01 Bow Saw
32:12 Husbandry
32:24 Bloodlines
32:30 Horse Collar
33:32 Wheelbarrow
37:18 Imperial Age
38:21 Conscription
37:24 Elite Mangudai
40:04 Bracer
41:37 Padded Archer Armor
42:34 Parthian Tactics
43:21 Ballistics
43:08 Gold Mining
43:38 Hand Cart
44:07 Leather Archer Armor
44:05 Thumb Ring
44:35 Heavy Plow
44:45 Capped Ram
46:47 Chemistry
47:06 Light Cavalry
47:54 Scale Barding Armor
方源
10:58 Feudal Age
14:04 Horse Collar
14:40 Forging
15:58 Bloodlines
18:27 Double-Bit Axe
19:54 Scale Barding Armor
23:46 Castle Age
24:18 Light Cavalry
27:37 Imperial Age
26:09 Iron Casting
29:27 Gold Mining
30:12 Husbandry
31:00 Wheelbarrow
30:11 Loom
30:34 Hussar
32:40 Pikeman
34:59 Stone Mining
34:43 Halberdier
38:15 Scale Mail Armor
40:14 Conscription
43:06 Scale Mail Armor
44:07 Blast Furnace
47:46 Bow Saw
47:53 Onager
nielsjehaes23
10:21 Feudal Age
9:14 Loom
11:22 Double-Bit Axe
16:40 Castle Age
14:39 Horse Collar
16:27 Wheelbarrow
16:23 Stone Mining
17:03 Man-at-Arms
17:44 Squires
18:50 Scale Mail Armor
20:31 Long Swordsman
22:36 Pikeman
26:07 Bow Saw
30:38 Gold Mining
31:17 Hand Cart
32:11 Chain Mail Armor
32:06 Forging
32:02 Scale Barding Armor
31:58 Padded Archer Armor
31:49 Fletching
31:24 Elite Skirmisher
35:21 Iron Casting
37:26 Gold Shaft Mining
41:42 Imperial Age
42:00 Leather Archer Armor
41:41 Bodkin Arrow
42:19 Chain Barding Armor
42:24 Legionary
44:34 Blast Furnace
44:05 Ring Archer Armor
44:26 Conscription
45:29 Halberdier
47:15 Heavy Plow
Sjupnol
8:25 Loom
10:26 Feudal Age
20:22 Castle Age
20:48 Pikeman
26:39 Scale Barding Armor
27:53 Bloodlines
29:39 Double-Bit Axe
30:15 Elite Skirmisher
32:31 Padded Archer Armor
33:40 Leather Archer Armor
33:16 Fletching
34:03 Horse Collar
35:01 Wheelbarrow
34:44 Bow Saw
35:22 Ballistics
40:38 Imperial Age
38:48 Gold Mining
38:48 Stone Mining
40:25 Husbandry
40:50 Chain Barding Armor
40:41 Forging
41:45 Cavalier
44:50 Chemistry
44:19 Bodkin Arrow
45:28 Ring Archer Armor
45:34 Thumb Ring
45:55 Conscription
45:44 Light Cavalry
47:05 Iron Casting
47:12 Hussar
50:18 Plate Barding Armor
51:11 Savar
Connection lost

Rejoining the realm…

Still unreachable

The connection could not be restored.

Session expired

The server has moved on; the page needs a fresh start.